[ AOE2 MATCH · #513728832 ]
UnrankedGoths vs Civ #60
Player's team · WIN
Rival team · LOSS
[ REPLAY ANALYSIS · EXTRACTED FROM THE RECORDED GAME ]
Feudal
—
Castle
—
Imperial
—
| APM avg | 54.5 |
| APM peak | 68 |
| eAPM avg | 22.6 |
| Villagers / military | 39 / 23 |
Focus
⚔️ 20.6% · 🌾 79.4%
Militia ×23
Feudal
12:41
Castle
—
Imperial
—
| APM avg | 89.8 |
| APM peak | 150 |
| eAPM avg | 60.1 |
| Villagers / military | 39 / 0 |
Focus
⚔️ 40.8% · 🌾 59.2%
Match map
Initial resources + every placement click. Lines = walls · curves = elevation contours. ◆ gold · ⬟ stone · ● berries · ✦ relic · ◌ wall gap
Your base· Open — unwalled flank
DL Nedture's base· Open — unwalled flank
Smoothed initial terrain · ◌ = detected wall gap · hover for details
Inputs per minute
— Istoleyourratings - - DL Nedture
Build order — Istoleyourratings
86 actions detected in the replay
| 0:01 | Queue | Villager (Male) |
| 0:01 | Queue | Villager (Male) |
| 0:02 | Queue | Villager (Male) |
| 0:02 | Queue | Villager (Male) |
| 0:04 | Build | House |
| 0:06 | Build | House |
| 0:23 | Research | Loom |
| 0:23 | Queue | Villager (Male) |
| 0:24 | Queue | Villager (Male) |
| 0:28 | Queue | Villager (Male) |
| 1:40 | Queue | Villager (Male) |
| 1:41 | Queue | Villager (Male) |
| 2:07 | Build | House |
| 2:12 | Queue | Villager (Male) |
| 2:13 | Queue | Villager (Male) |
| 3:14 | Queue | Villager (Male) |
| 3:50 | Queue | Villager (Male) |
| 4:07 | Queue | Villager (Male) |
| 4:11 | Build | Barracks |
| 4:29 | Queue | Villager (Male) |
| 4:50 | Queue | Villager (Male) |
| 5:04 | Queue | Militia |
| 5:04 | Queue | Militia |
| 5:04 | Queue | Militia |
| 5:22 | Queue | Villager (Male) |
| 5:30 | Queue | Militia |
| 6:04 | Queue | Villager (Male) |
| 6:09 | Build | House |
| 6:27 | Queue | Militia |
| 7:05 | Build | House |
| 7:05 | Queue | Villager (Male) |
| 7:39 | Queue | Villager (Male) |
| 7:48 | Build | Lumber Camp |
| 7:57 | Queue | Militia |
| 8:06 | Queue | Villager (Male) |
| 8:43 | Queue | Villager (Male) |
| 8:57 | Queue | Villager (Male) |
| 9:06 | Build | House |
| 9:11 | Build | Mill |
| 9:22 | Queue | Militia |
| 9:58 | Queue | Villager (Male) |
| 9:59 | Queue | Villager (Male) |
| 10:22 | Queue | Villager (Male) |
| 10:29 | Queue | Militia |
| 10:32 | Build | Mining Camp |
| 11:31 | Queue | Villager (Male) |
| 11:34 | Queue | Militia |
| 11:35 | Queue | Militia |
| 11:40 | Build | Farm |
| 11:55 | Queue | Militia |
| 12:01 | Build | Farm |
| 12:03 | Build | Farm |
| 12:06 | Build | Farm |
| 12:37 | Queue | Villager (Male) |
| 12:58 | Queue | Militia |
| 13:08 | Queue | Villager (Male) |
| 13:27 | Queue | Militia |
| 13:27 | Queue | Militia |
| 13:31 | Build | House |
| 13:49 | Build | House |
| 13:55 | Queue | Villager (Male) |
| 14:11 | Queue | Villager (Male) |
| 14:18 | Build | Barracks |
| 14:27 | Queue | Militia |
| 14:27 | Queue | Militia |
| 14:27 | Queue | Villager (Male) |
| 14:42 | Queue | Militia |
| 15:32 | Queue | Militia |
| 15:32 | Queue | Militia |
| 15:32 | Queue | Militia |
| 15:33 | Queue | Villager (Male) |
| 15:33 | Queue | Villager (Male) |
| 15:33 | Queue | Villager (Male) |
| 15:33 | Queue | Villager (Male) |
| 16:04 | Queue | Militia |
| 16:05 | Queue | Militia |
| 16:05 | Queue | Villager (Male) |
| 16:05 | Queue | Villager (Male) |
| 16:05 | Queue | Villager (Male) |
| 16:33 | Build | Farm |
| 16:34 | Build | Farm |
| 16:34 | Build | Farm |
| 16:35 | Build | Farm |
| 16:35 | Build | Farm |
| 16:36 | Build | Farm |
| 16:49 | Queue | Militia |
Build order — DL Nedture
58 actions detected in the replay
| 0:00 | Queue | Villager (Male) |
| 0:01 | Queue | Villager (Male) |
| 0:02 | Build | House |
| 0:05 | Build | House |
| 0:19 | Queue | Villager (Male) |
| 0:25 | Queue | Villager (Male) |
| 1:34 | Queue | Villager (Male) |
| 1:34 | Queue | Villager (Male) |
| 2:03 | Queue | Villager (Male) |
| 2:19 | Queue | Villager (Male) |
| 2:43 | Queue | Villager (Male) |
| 3:42 | Queue | Villager (Male) |
| 3:46 | Queue | Villager (Male) |
| 3:47 | Queue | Villager (Male) |
| 3:48 | Queue | Villager (Male) |
| 3:48 | Queue | Villager (Male) |
| 3:59 | Queue | Villager (Male) |
| 4:22 | Build | House |
| 4:25 | Queue | Villager (Male) |
| 4:42 | Queue | Villager (Male) |
| 5:37 | Build | Mill |
| 5:56 | Queue | Villager (Male) |
| 5:59 | Queue | Villager (Male) |
| 6:14 | Queue | Villager (Male) |
| 6:22 | Research | Loom |
| 6:22 | Research | Loom |
| 6:38 | Build | Mining Camp |
| 7:00 | Queue | Villager (Male) |
| 7:21 | Queue | Villager (Male) |
| 7:44 | Build | House |
| 7:45 | Queue | Villager (Male) |
| 7:59 | Queue | Villager (Male) |
| 8:10 | Queue | Villager (Male) |
| 8:16 | Queue | Villager (Male) |
| 8:19 | Build | Palisade Wall |
| 8:21 | Build | Palisade Wall |
| 8:23 | Build | Palisade Wall |
| 8:44 | Queue | Villager (Male) |
| 8:48 | Queue | Villager (Male) |
| 8:57 | Queue | Villager (Male) |
| 9:25 | Queue | Villager (Male) |
| 9:37 | Queue | Villager (Male) |
| 9:56 | Queue | Villager (Male) |
| 10:12 | Queue | Villager (Male) |
| 10:17 | Research | Feudal Age |
| 10:17 | Research | Feudal Age |
| 10:17 | Research | Feudal Age |
| 10:17 | Research | Feudal Age |
| 10:17 | Research | Feudal Age |
| 10:29 | Queue | Villager (Male) |
| 10:37 | Queue | Villager (Male) |
| 11:00 | Queue | Villager (Male) |
| 11:16 | Queue | Villager (Male) |
| 12:41 | Age | Feudal Age |
| 13:58 | Build | Market |
| 15:19 | Queue | Villager (Male) |
| 15:43 | Build | Blacksmith |
| 16:35 | Queue | Villager (Male) |
Match timeline
| 4:11 | Istoleyourratings · first_building Barracks |
| 8:19 | DL Nedture · wall_segment Palisade Wall x1 |
| 8:21 | DL Nedture · wall_segment Palisade Wall x1 |
| 8:23 | DL Nedture · wall_segment Palisade Wall x1 |
| 12:41 | DL Nedture · age_up feudal |
| 16:50 | DL Nedture · resign |
[ AI ANALYSIS · 1 CREDIT ]
What really happened in this match?
Wolo.gg analyzes every decision: build order, eco, micro, common mistakes by bracket. Personalized analysis on WhatsApp or Discord in 30 seconds.
Civ guide
Goths
Perfil
Jugador #18203263